[Event "*** Titled Tuesday Blitz"]
[Site "Chess.com"]
[Date "2020.04.28"]
[Round "1"]
[White "Maghalashvili"]
[Black "MrRooke6"]
[Result "1-0"]
[WhiteElo "2802"]
[BlackElo "2422"]
[TimeControl "180+1"]
[EndTime "10:01:53 PDT"]
[Termination "Maghalashvili won by resignation"]

1. Nf3 Nf6 2. g3 g6 3. b3 Bg7 4. Bb2 O-O 5. Bg2 d6 6. d4 a5 7. a4 c6 8. O-O d5 9. c4 Na6 10. Nc3 Nb4 11. Rc1 dxc4 12. bxc4 Be6 13. Qb3 Qd6 14. e4 Qb8 15. d5 Bf5 16. exf5 1-0

[Event "*** Titled Tuesday Blitz"]
[Site "Chess.com"]
[Date "2020.04.28"]
[Round "1"]
[White "SameerMujumdar"]
[Black "DrVitman"]
[Result "1/2-1/2"]
[WhiteElo "2243"]
[BlackElo "2563"]
[TimeControl "180+1"]
[EndTime "10:01:55 PDT"]
[Termination "Game drawn by repetition"]

1. d4 Nf6 2. c4 g6 3. Nc3 d5 4. cxd5 Nxd5 5. Nf3 Nxc3 6. bxc3 Bg7 7. e3 O-O 8. Bd3 c5 9. O-O Nc6 10. a4 b6 11. Ba3 cxd4 12. cxd4 Bb7 13. Qe2 Na5 14. Bb4 Nc6 15. Ba3 Na5 16. Bb4 Nc6 17. Ba3 1/2-1/2

[Event "*** Titled Tuesday Blitz"]
[Site "Chess.com"]
[Date "2020.04.28"]
[Round "1"]
[White "Mykola-Bortnyk"]
[Black "InitiatingASC"]
[Result "1-0"]
[WhiteElo "2946"]
[BlackElo "2457"]
[TimeControl "180+1"]
[EndTime "10:02:04 PDT"]
[Termination "Mykola-Bortnyk won by resignation"]

1. e4 c5 2. c3 Nf6 3. e5 Nd5 4. Bc4 Nb6 5. Bb3 d5 6. exd6 Qxd6 7. Nf3 Be6 8. O-O g6 9. Bxe6 Qxe6 10. d4 N8d7 11.
dxc5 Nxc5 12. Qd4 Qf6 13. Qxc5 Rc8 14. Qb5+ 1-0

[Event "*** Titled Tuesday Blitz"]
[Site "Chess.com"]
[Date "2020.04.28"]
[Round "1"]
[White "noblerone"]
[Black "sergiochess83"]
[Result "0-1"]
[WhiteElo "2430"]
[BlackElo "2829"]
[TimeControl "180+1"]
[EndTime "10:02:08 PDT"]
[Termination "sergiochess83 won by resignation"]

1. d4 Nf6 2. Nf3 d5 3. Bg5 c6 4. c3 Bf5 5. Qb3 Qb6 6. Nbd2 Nbd7 7. e3 h6 8. Bh4 e6 9. h3 Bd6 10. Bxf6 Nxf6 11. Be2 O-O 12. O-O Qc7 13. c4 Rad8 14. Rac1 Qe7 15. Bd3 Ne4 16. Bxe4 dxe4 17. Ne5 Bxe5 18.
dxe5 Rxd2 0-1

[Event "*** Titled Tuesday Blitz"]
[Site "Chess.com"]
[Date "2020.04.28"]
[Round "1"]
[White "lifeissofun"]
[Black "Firegrizzly"]
[Result "1-0"]
[WhiteElo "2346"]
[BlackElo "2640"]
[TimeControl "180+1"]
[EndTime "10:02:31 PDT"]
[Termination "lifeissofun won by checkmate"]

1. e4 e6 2. d4 d5 3. Nd2 Be7 4. c3 c5 5. Ngf3 cxd4 6. cxd4 dxe4 7. Nxe4 Nf6 8. Bd3 Nc6 9. O-O O-O 10. Be3 b6 11. Qc2 Nb4 12. Nxf6+ gxf6 13. Bxh7+ Kg7 14. Qe4 Ba6 15. Qh4 Qd5 16. Qh6+ Kh8 17. Bg6+ Kg8 18. Qh7# 1-0

[Event "*** Titled Tuesday Blitz"]
[Site "Chess.com"]
[Date "2020.04.28"]
[Round "1"]
[White "LucaBrasi1968"]
[Black "vaps"]
[Result "1-0"]
[WhiteElo "2480"]
[BlackElo "1952"]
[TimeControl "180+1"]
[EndTime "10:02:31 PDT"]
[Termination "LucaBrasi1968 won by resignation"]

1. e4 c5 2. c3 e6 3. d4 Nf6 4.
Bd3 d6 5. Be3 Be7 6. f3 O-O 7. Ne2 Nc6 8. a3 Rb8 9. O-O b5 10. b4 c4 11. Bc2 e5 12. d5 1-0

[Event "*** Titled Tuesday Blitz"]
[Site "Chess.com"]
[Date "2020.04.28"]
[Round "1"]
[White "JonahWillow"]
[Black "petincash"]
[Result "0-1"]
[WhiteElo "2686"]
[BlackElo "2379"]
[TimeControl "180+1"]
[EndTime "10:02:36 PDT"]
[Termination "petincash won by resignation"]

1. e4 c5 2. Nf3 g6 3. d4 cxd4 4. Nxd4 Nc6 5. c4 Bg7 6. Be3 Nf6 7. Nc3 O-O 8. Be2 b6 9. O-O Bb7 10. f3 e6 11. Ndb5 d5 12. cxd5 exd5 13. exd5 Nb4 14. d6 Nfd5 15. Nxd5 Nxd5 16. Bd4 Qg5 17. Bxg7 Ne3 0-1

[Event "*** Titled Tuesday Blitz"]
[Site "Chess.com"]
[Date "2020.04.28"]
[Round "1"]
[White "FelixBlohberger"]
[Black "LordIron"]
[Result "1-0"]
[WhiteElo "2595"]
[BlackElo "2261"]
[TimeControl "180+1"]
[EndTime "10:02:38 PDT"]
[Termination "FelixBlohberger won by resignation"]

1. d4 Nf6 2. c4 g6 3. Nc3 Bg7 4.
e4 d6 5. Be2 O-O 6. Be3 Nbd7 7.
Qd2 e5 8. d5 Nc5 9. f3 a5 10.
g4 Bd7 11. h4 h5 12. g5 Ne8 13. Nh3 c6 14. Rd1 Rb8 15. dxc6 bxc6 16. Bxc5 1-0

[Event "*** Titled Tuesday Blitz"]
[Site "Chess.com"]
[Date "2020.04.28"]
[Round "1"]
[White "aakankshachess"]
[Black "dvella"]
[Result "1-0"]
[WhiteElo "2474"]
[BlackElo "1806"]
[TimeControl "180+1"]
[EndTime "10:02:43 PDT"]
[Termination "aakankshachess won by resignation"]

1. e4 c5 2. Nf3 d6 3. Bb5+ Bd7 4. Bxd7+ Qxd7 5. c4 g6 6. Nc3 Bg7 7. d4 cxd4 8. Nxd4 Nf6 9. b3 O-O 10. Bb2 Nc6 11. O-O a6 12. Nxc6 bxc6 13. Re1 Qe6 14. Qd3 Ng4 15. Rad1 Rad8 16. h3 Ne5 17. Qc2 c5 18. Nd5 Nc6 19. Nc7 Qd7 20. Nd5 Bxb2 21.
Qxb2 Nd4 22. Rd3 e5 23. Nf6+ 1-0

[Event "*** Titled Tuesday Blitz"]
[Site "Chess.com"]
[Date "2020.04.28"]
[Round "1"]
[White "jacky72"]
[Black "KingCrusher275"]
[Result "1-0"]
[WhiteElo "2710"]
[BlackElo "2371"]
[TimeControl "180+1"]
[EndTime "10:02:47 PDT"]
[Termination "jacky72 won by resignation"]

1. d4 d5 2. c4 e6 3. Nc3 Nf6 4. cxd5 exd5 5. Bg5 Be7 6. Qc2 c6 7. e3 Nbd7 8. Bd3 h6 9. Bh4 Nh5 10. Bxe7 Qxe7 11. Nf3 Nf4 12. Bf1 O-O 13. O-O-O Ne6 14. Kb1 b5 15. g4 Bb7 16. Rg1 a5 17. h4 Nb6 18. g5 h5 19. g6 f6 20. Qf5 Ng5 21.
hxg5 fxg5 22. Qxg5 1-0

[Event "*** Titled Tuesday Blitz"]
[Site "Chess.com"]
[Date "2020.04.28"]
[Round "1"]
[White "emperor87"]
[Black "Zarikovs1999"]
[Result "1-0"]
[WhiteElo "2604"]
[BlackElo "2276"]
[TimeControl "180+1"]
[EndTime "10:02:47 PDT"]
[Termination "emperor87 won by resignation"]

1. Nf3 Nf6 2. g3 b5 3. Bg2 Bb7 4. O-O e6 5. d3 c5 6. a4 b4 7. Nbd2 d5 8. e4 Be7 9. e5 Nfd7 10. Re1 O-O 11. Nf1 Nc6 12. h4 a5 13. N1h2 Qc7 14.
Bf4 Nb6 15. h5 d4 16. h6 g6 17. Ng4 Nd5 18. Bg5 Qd8 19. Qd2 Rc8 20. Bxe7 Qxe7 21. Ng5 Ne3 22. Nf6+ Kh8 23. fxe3 1-0

[Event "*** Titled Tuesday Blitz"]
[Site "Chess.com"]
[Date "2020.04.28"]
[Round "1"]
[White "IMRosen"]
[Black "Justinz"]
[Result "1-0"]
[WhiteElo "2555"]
[BlackElo "2213"]
[TimeControl "180+1"]
[EndTime "10:02:55 PDT"]
[Termination "IMRosen won by resignation"]

1. d4 Nf6 2. Bf4 e6 3. e3 d5 4. Nd2 Bd6 5. Bg3 O-O 6. Ngf3 c5 7. c3 Nc6 8. Bb5 Ne7 9. Bd3 Nf5 10. Qe2 b6 11. e4 dxe4 12. Nxe4 Bb7 13. Nxd6 Nxd6 14.
dxc5 bxc5 15. Rd1 Qb6 16. Bxd6 1-0

[Event "*** Titled Tuesday Blitz"]
[Site "Chess.com"]
[Date "2020.04.28"]
[Round "1"]
[White "ApacheSVD"]
[Black "rogapa"]
[Result "0-1"]
[WhiteElo "2406"]
[BlackElo "2761"]
[TimeControl "180+1"]
[EndTime "10:02:56 PDT"]
[Termination "rogapa won by resignation"]

1. e4 c5 2. Nf3 d6 3. d4 cxd4 4. Nxd4 Nf6 5. Nc3 a6 6. Qf3 g6 7. h3 Bg7 8. Be3 O-O 9. g4 Nc6 10. O-O-O Bd7 11. Qg2 Rc8 12. f4 b5 13. a3 b4 14.
axb4 Nxb4 15. Be2 Qa5 16. Nb3 Na2+ 17. Kd2 Qb4 18. g5 Nxc3 0-1

[Event "*** Titled Tuesday Blitz"]
[Site "Chess.com"]
[Date "2020.04.28"]
[Round "1"]
[White "GianmarcoVaR"]
[Black "Playgood28"]
[Result "1/2-1/2"]
[WhiteElo "2558"]
[BlackElo "2232"]
[TimeControl "180+1"]
[EndTime "10:02:57 PDT"]
[Termination "Game drawn by agreement"]

1. d4 f5 2. c4 Nf6 3. Nf3 g6 4. g3 Bg7 5. Bg2 d6 6. O-O O-O 7. Nbd2 c6 8. b3 Qc7 9. Bb2 Re8 10. c5 dxc5 11. dxc5 e5 12. Nc4 e4 13. Ng5 h6 14. Nh3 g5 15. Qd6 Qxd6 16. Nxd6 Rf8 17. f3 exf3 18. exf3 Na6 19. Rac1 1/2-1/2

[Event "*** Titled Tuesday Blitz"]
[Site "Chess.com"]
[Date "2020.04.28"]
[Round "1"]
[White "Nikolakis2014"]
[Black "mc4chess"]
[Result "1-0"]
[WhiteElo "2718"]
[BlackElo "2380"]
[TimeControl "180+1"]
[EndTime "10:03:09 PDT"]
[Termination "Nikolakis2014 won by resignation"]

1. Nf3 c5 2. c4 g6 3. d4 cxd4 4. Nxd4 Bg7 5. e4 Nc6 6. Be3 d6 7. Nc3 Nf6 8. Be2 O-O 9. O-O Nd7 10. Qd2 Nxd4 11. Bxd4 f5 12. exf5 Rxf5 13. Bxg7 Kxg7 14.
Rfe1 Qb6 15. Bg4 Rf7 16. Be6 Nf6 17. Bxf7 Kxf7 18. Nd5 Nxd5 19. cxd5 Bf5 20. Re3 Rc8 21. Rae1 Rc7 22. h3 h5 23. Rf3 Kg7 24. Qg5 1-0

[Event "*** Titled Tuesday Blitz"]
[Site "Chess.com"]
[Date "2020.04.28"]
[Round "1"]
[White "donotreadit"]
[Black "Dobuchak"]
[Result "1-0"]
[WhiteElo "2682"]
[BlackElo "2347"]
[TimeControl "180+1"]
[EndTime "10:03:12 PDT"]
[Termination "donotreadit won by resignation"]

1. d4 Nf6 2. Bg5 e6 3. e4 c5 4. d5 d6 5. dxe6 Bxe6 6. Nc3 Nbd7 7. Nb5 Qb6 8. a4 Nxe4 9. Bf4 a6 10. a5 Qc6 11. Na3 d5 12. Nf3 Bd6 13. Bxd6 Qxd6 14. Bd3 Nef6 15. O-O O-O 16. Nc4 dxc4 17. Bxh7+ Nxh7 18. Qxd6 Nhf6 19. Rad1 Ne4 20. Qc7 Rfc8 21. Qxb7 Rab8 22.
Qxe4 1-0

[Event "*** Titled Tuesday Blitz"]
[Site "Chess.com"]
[Date "2020.04.28"]
[Round "1"]
[White "smshk35"]
[Black "SahajGrover"]
[Result "0-1"]
[WhiteElo "2372"]
[BlackElo "2712"]
[TimeControl "180+1"]
[EndTime "10:03:34 PDT"]
[Termination "SahajGrover won by resignation"]

1. e4 e5 2. Nf3 Nc6 3. d4 exd4 4. Nxd4 Qf6 5. Nxc6 Bc5 6. Qf3 dxc6 7. Be3 Qxb2 8.
Bxc5 Qxa1 9. Bc4 Qf6 10. Qe3 Be6 11. Bd3 O-O-O 12. Bxa7 Qe5 13. Nd2 Qa1+ 14. Ke2 Qxh1 15. Nc4 0-1

[Event "*** Titled Tuesday Blitz"]
[Site "Chess.com"]
[Date "2020.04.28"]
[Round "1"]
[White "Bathory44"]
[Black "tteshan"]
[Result "1-0"]
[WhiteElo "2573"]
[BlackElo "2237"]
[TimeControl "180+1"]
[EndTime "10:03:39 PDT"]
[Termination "Bathory44 won by resignation"]

1. e4 e6 2. d4 d5 3. Nd2 c5 4.
exd5 Qxd5 5. dxc5 Bxc5 6. Ngf3 Nf6 7. Bd3 O-O 8. Qe2 a6 9. O-O Nc6 10. a3 b5 11. Ne4 Be7 12. Nfg5 g6 13. Nxf6+ Bxf6 14. Be4 Qd7 15. Qf3 Bg7 16. Bxc6 1-0

[Event "*** Titled Tuesday Blitz"]
[Site "Chess.com"]
[Date "2020.04.28"]
[Round "1"]
[White "FairChess_on_YouTube"]
[Black "Sweafty"]
[Result "1-0"]
[WhiteElo "3053"]
[BlackElo "2466"]
[TimeControl "180+1"]
[EndTime "10:03:43 PDT"]
[Termination "FairChess_on_YouTube won by resignation"]

1. e4 d6 2. d4 Nf6 3. Nc3 e5 4. Nf3 exd4 5. Nxd4 Be7 6. g3 O-O 7. Bg2 c6 8. O-O Qc7 9. Bf4 Nbd7 10. Nf5 Ne5 11.
Nxe7+ Qxe7 12. Qd2 Bg4 13. f3 Be6 14. Rad1 Rfd8 15.
Qf2 b5 16. b3 a5 17. h3 a4 18. g4 axb3 19. axb3 h6 20. Bh2 Ng6 21. f4 Bxg4 22.
hxg4 Nxg4 23. Qg3 Nxh2 24. Kxh2 f6 25. Qxg6 1-0

[Event "*** Titled Tuesday Blitz"]
[Site "Chess.com"]
[Date "2020.04.28"]
[Round "1"]
[White "Dixit_Nikhil"]
[Black "eljanov"]
[Result "0-1"]
[WhiteElo "2454"]
[BlackElo "2891"]
[TimeControl "180+1"]
[EndTime "10:03:45 PDT"]
[Termination "eljanov won by resignation"]

1. e4 c6 2. Nc3 d5 3. Nf3 Bg4 4. h3 Bxf3 5. Qxf3 e6 6. g3 Nf6 7. Bg2 Bc5 8. O-O Nbd7 9. d3 O-O 10. Bg5 h6 11. Bxf6 Qxf6 12. Qxf6 Nxf6 13. e5 Nd7 14. Ne2 Bb6 15. d4 c5 16. c3 Rac8 17.
Rfc1 Rc7 18. Kf1 Rfc8 19. dxc5 Bxc5 20. f4 g5 21. Bf3 b5 22. Ke1 Nb6 23. Kd1 Nc4 24. b3 Ne3+ 25. Kd2 Nf5 26. b4 Be3+ 0-1

[Event "*** Titled Tuesday Blitz"]
[Site "Chess.com"]
[Date "2020.04.28"]
[Round "1"]
[White "mjray79"]
[Black "GmSergioBarrientos"]
[Result "0-1"]
[WhiteElo "2262"]
[BlackElo "2597"]
[TimeControl "180+1"]
[EndTime "10:03:45 PDT"]
[Termination "GmSergioBarrientos won by checkmate"]

1. d4 Nf6 2. c4 e6 3. g3 Bb4+ 4. Bd2 a5 5. Bg2 d6 6. Nf3 Nbd7 7. O-O e5 8. Bg5 exd4 9. Nxd4 h6 10. Bf4 O-O 11. a3 Bc5 12. Nc3 Re8 13. Rb1 a4 14. Ndb5 Nb6 15. Qd3 Nfd7 16. Nd5 Nxd5 17. cxd5 Ne5 18.
Bxe5 Rxe5 19. e4 Bd7 20. Nc3 Qf6 21. Kh1 Qg6 22. f4 Rh5 23. Rbe1 Rxh2+ 24. Kxh2 Qh5+ 25.
Bh3 Qxh3# 0-1

[Event "*** Titled Tuesday Blitz"]
[Site "Chess.com"]
[Date "2020.04.28"]
[Round "1"]
[White "RovenVogel"]
[Black "Hadza_3"]
[Result "1-0"]
[WhiteElo "2708"]
[BlackElo "2369"]
[TimeControl "180+1"]
[EndTime "10:03:55 PDT"]
[Termination "RovenVogel won by resignation"]

1. d4 Nf6 2. c4 e6 3. Nf3 Bb4+ 4. Nbd2 b6 5. g3 Bb7 6. Bg2 a5 7. O-O Be7 8. b3 d6 9. Bb2 c5 10. d5 exd5 11. Nh4 Qd7 12. cxd5 Na6 13. Nc4 Bd8 14.
Nf5 Bc7 15. Nxg7+ Ke7 16. e4 Ng4 17. Nf5+ 1-0

[Event "*** Titled Tuesday Blitz"]
[Site "Chess.com"]
[Date "2020.04.28"]
[Round "1"]
[White "semchik73"]
[Black "blitzking1729"]
[Result "0-1"]
[WhiteElo "2223"]
[BlackElo "2561"]
[TimeControl "180+1"]
[EndTime "10:03:58 PDT"]
[Termination "blitzking1729 won by resignation"]

1. Nf3 d6 2. c4 e5 3. d4 e4 4. Nfd2 f5 5. e3 Nf6 6. Nc3 Be7 7. f3 O-O 8. Be2 c6 9. d5 cxd5 10. cxd5 exf3 11. Nxf3 Na6 12. O-O Nc5 13. Nd4 Nfe4 14. Nxe4 fxe4 15. b4 Rxf1+ 16. Qxf1 Na6 17. a3 Bf6 18.
Bb2 Nc7 19. Qf4 Qe7 20. Rc1 Kh8 21. Ba1 Nxd5 22. Qg3 Bd7 23. Bc4 Bh4 24. Nf5 Bxf5 25. Bxg7+ Qxg7 26. Qxh4 Nxe3 0-1

[Event "*** Titled Tuesday Blitz"]
[Site "Chess.com"]
[Date "2020.04.28"]
[Round "1"]
[White "Juanovic"]
[Black "TudorAnton"]
[Result "1/2-1/2"]
[WhiteElo "2155"]
[BlackElo "2513"]
[TimeControl "180+1"]
[EndTime "10:03:58 PDT"]
[Termination "Game drawn by repetition"]

1. e4 e5 2. Nf3 Nc6 3. Bb5 a6 4. Ba4 Nf6 5. O-O b5 6. Bb3 Bc5 7. d3 d6 8. Nc3 Bg4 9. h3 Bxf3 10. Qxf3 Nd4 11. Qd1 O-O 12. Be3 Nxb3 13. axb3 Bxe3 14.
fxe3 c6 15. Qf3 Nd7 16. d4 f6 17. b4 a5 18. bxa5 Rxa5 19. Qg4 Rxa1 20. Qe6+ Kh8 21. Rxa1 Nb6 22. Ra7 Nc8 23. Ra8 Re8 24. Qf7 Rf8 25. Qb7 exd4 26. exd4 Qe8 27. b4 Kg8 28. d5 c5 29. bxc5 dxc5 30. Nxb5 Qxe4 31. Rxc8 Qe1+ 32. Kh2 Qe5+ 33. Kg1 Qe1+ 34. Kh2 Qe5+ 35. Kg1 Qe1+ 1/2-1/2

[Event "*** Titled Tuesday Blitz"]
[Site "Chess.com"]
[Date "2020.04.28"]
[Round "1"]
[White "robertofabregas"]
[Black "tsvet2005"]
[Result "0-1"]
[WhiteElo "2128"]
[BlackElo "2514"]
[TimeControl "180+1"]
[EndTime "10:03:59 PDT"]
[Termination "tsvet2005 won by checkmate"]

1. c4 e6 2. Nc3 d5 3. d4 c6 4. Nf3 Nf6 5. e3 Nbd7 6. Be2 dxc4 7. Bxc4 b5 8. Be2 Bb7 9. a3 Bd6 10. h3 O-O 11. O-O Qe7 12. Qc2 Rac8 13. b4 e5 14. dxe5 Nxe5 15. Bb2 c5 16. Nxe5 Qxe5 17. Nxb5 Qh2# 0-1

[Event "*** Titled Tuesday Blitz"]
[Site "Chess.com"]
[Date "2020.04.28"]
[Round "1"]
[White "ZarinaShafigullina"]
[Black "wadsy27"]
[Result "0-1"]
[WhiteElo "2178"]
[BlackElo "2534"]
[TimeControl "180+1"]
[EndTime "10:04:02 PDT"]
[Termination "wadsy27 won by resignation"]

1. d4 Nf6 2. Nf3 c5 3. g3 cxd4 4. Nxd4 e5 5. Nf3 Nc6 6. Bg2 Bc5 7. O-O e4 8. Ng5 e3 9. f4 d5 10. Qd3 O-O 11. Bxe3 Nb4 12. Qd2 Bxe3+ 13. Qxe3 Nxc2 14. Qd3 Nxa1 15. Nc3 h6 16. Nf3 Qb6+ 17. Nd4 Nc2 18.
Qxc2 Qxd4+ 19. Kh1 Ng4 20. h3 Ne3 21. Qc1 Nxf1 0-1

[Event "*** Titled Tuesday Blitz"]
[Site "Chess.com"]
[Date "2020.04.28"]
[Round "1"]
[White "bubacik"]
[Black "aa175"]
[Result "0-1"]
[WhiteElo "2790"]
[BlackElo "2441"]
[TimeControl "180+1"]
[EndTime "10:04:07 PDT"]
[Termination "aa175 won on time"]

1. Nf3 d5 2. d4 Nf6 3. c4 g6 4.
cxd5 Bg7 5. g3 O-O 6. Bg2 Nxd5 7.
O-O Nc6 8. Nc3 e5 9. Nxd5 e4 10. Ne5 Qxd5 11. Nxc6 Qxc6 12. Be3 Bf5 0-1

[Event "*** Titled Tuesday Blitz"]
[Site "Chess.com"]
[Date "2020.04.28"]
[Round "1"]
[White "murtas73"]
[Black "r31415"]
[Result "0-1"]
[WhiteElo "2615"]
[BlackElo "2332"]
[TimeControl "180+1"]
[EndTime "10:04:07 PDT"]
[Termination "r31415 won by resignation"]

1. d4 d6 2. e4 Nf6 3. Nc3 g6 4. g3 Bg7 5. Bg2 O-O 6. Nge2 e5 7. h3 c6 8. a4 a5 9. Be3 Na6 10. O-O Qc7 11. Qd2 Be6 12. Rad1 Nb4 13. g4 Bc4 14. f4 Rfe8 15. f5 d5 16. dxe5 Qxe5 17. Bf4 Qe7 18. e5 Bxe2 19. Qxe2 Nd7 20. f6 Bxf6 21. exf6 Qxe2 22.
Nxe2 Rxe2 23. c3 Na6 24. Rf2 Rae8 25. Rff1 Rxb2 26. Rd2 Rxd2 27. g5 Ra2 28. Bd2 Rxd2 0-1

[Event "*** Titled Tuesday Blitz"]
[Site "Chess.com"]
[Date "2020.04.28"]
[Round "1"]
[White "Infernal_XaM"]
[Black "pichonazo"]
[Result "1-0"]
[WhiteElo "2924"]
[BlackElo "2453"]
[TimeControl "180+1"]
[EndTime "10:04:09 PDT"]
[Termination "Infernal_XaM won by resignation"]

1. d4 Nf6 2. c4 g6 3. Nc3 d5 4. cxd5 Nxd5 5. e4 Nxc3 6. bxc3 Bg7 7. Qa4+ c6 8. Nf3 O-O 9. Be3 c5 10. Rc1 Nc6 11. d5 Ne5 12. Nxe5 Bxe5 13. Be2 b6 14. f4 Bd7 15. Qc2 Bg7 16. c4 e6 17. O-O exd5 18.
cxd5 Rc8 19. e5 c4 20. a4 Bf5 21. Qd2 c3 22. Qd4 Rc5 23. d6 c2 24. g4 Be6 25.
Qd2 Qc8 26. h3 h5 27. gxh5 Bxh3 28. Rf2 Bf5 29. Bxc5 Qxc5 30. Bd3 Bxd3 31. Qxd3 Qb4 32. Rcxc2 Qxa4 33. d7 1-0

[Event "*** Titled Tuesday Blitz"]
[Site "Chess.com"]
[Date "2020.04.28"]
[Round "1"]
[White "IMinTheWings"]
[Black "Borsuk_Konstantin"]
[Result "0-1"]
[WhiteElo "2224"]
[BlackElo "2568"]
[TimeControl "180+1"]
[EndTime "10:04:10 PDT"]
[Termination "Borsuk_Konstantin won by resignation"]

1. c4 e5 2. Nc3 Nc6 3. Nf3 Bb4 4.
g3 Nf6 5. Bg2 O-O 6. O-O Re8 7.
Nd5 Bc5 8. d3 h6 9. a3 a6 10. b4 Ba7 11. Bb2 d6 12. h3 Nxd5 13.
cxd5 Ne7 14. Nd2 f5 15. Kh2 Ng6 16. Rc1 Bd7 17. Qc2 Rc8 18. e3 Rf8 19. Nf3 Qe8 20. d4 e4 21. Ng1 Ne7 22. f3 Nxd5 23. Rce1 Nf6 24. fxe4 Nxe4 25. Ne2 d5 26. Nf4 c6 27. Ng6 Qxg6 28. Bxe4 fxe4 29. Rxf8+ Rxf8 30. Qe2 Bb8 0-1

[Event "*** Titled Tuesday Blitz"]
[Site "Chess.com"]
[Date "2020.04.28"]
[Round "1"]
[White "ManuDavid2910"]
[Black "Shuvatkin_Vladimir"]
[Result "1-0"]
[WhiteElo "2637"]
[BlackElo "2310"]
[TimeControl "180+1"]
[EndTime "10:04:12 PDT"]
[Termination "ManuDavid2910 won by resignation"]

1. e4 e6 2. Nf3 d5 3. Nc3 dxe4 4.
Nxe4 c5 5. Bb5+ Bd7 6. Qe2 a6 7. Bxd7+ Qxd7 8. O-O Nc6 9. Rd1 Be7 10. d4 cxd4 11.
c3 Nf6 12. Nxd4 Nxd4 13. Rxd4 Qc6 14. Bg5 Nxe4 15. Bxe7 Nxc3 16. bxc3 Kxe7 17. Qg4 Rhd8 18. Qg5+ Ke8 19. Qxg7 Rxd4 20. cxd4 Rd8 21. Qxh7 Qc3 22. Qg8+ Ke7 23. Qg5+ Ke8 24. Rc1 Rxd4 25. h4 Qd2 26. Rc8+ Rd8 27. Qxd2 1-0

[Event "*** Titled Tuesday Blitz"]
[Site "Chess.com"]
[Date "2020.04.28"]
[Round "1"]
[White "Frogo47"]
[Black "zane33"]
[Result "1-0"]
[WhiteElo "2482"]
[BlackElo "1982"]
[TimeControl "180+1"]
[EndTime "10:04:12 PDT"]
[Termination "Frogo47 won by resignation"]

1. e4 e5 2. Nf3 Nc6 3. Bb5 Bc5 4.
c3 Nf6 5. O-O O-O 6. d4 Bb6 7. Bg5 h6 8. Bh4 exd4 9. Qc1 d6 10. Bxc6 bxc6 11. cxd4 Qe7 12. e5 dxe5 13. dxe5 1-0

[Event "*** Titled Tuesday Blitz"]
[Site "Chess.com"]
[Date "2020.04.28"]
[Round "1"]
[White "crazy_machine"]
[Black "JLRHei"]
[Result "1-0"]
[WhiteElo "2603"]
[BlackElo "2272"]
[TimeControl "180+1"]
[EndTime "10:04:13 PDT"]
[Termination "crazy_machine won by resignation"]

1. d4 Nf6 2. Nc3 d5 3. Bf4 e6 4. Nb5 Na6 5. e3 c6 6. Nc3 Bd6 7.
Nf3 Bxf4 8. exf4 O-O 9. Ne5 c5 10. Bxa6 bxa6 11. dxc5 Qa5 12. Qd4 Bd7 13. b4 Qc7 14.
O-O Rfc8 15. Nd1 Rab8 16. Re1 a5 17. c3 Qb7 18. a3 Ne8 19. Nb2 Nc7 20. Nxd7 1-0

[Event "*** Titled Tuesday Blitz"]
[Site "Chess.com"]
[Date "2020.04.28"]
[Round "1"]
[White "Chessy222222"]
[Black "Cukiero"]
[Result "0-1"]
[WhiteElo "2107"]
[BlackElo "2506"]
[TimeControl "180+1"]
[EndTime "10:04:14 PDT"]
[Termination "Cukiero won by resignation"]

1. e4 c5 2. Nf3 d6 3. d4 cxd4 4. Qxd4 Nc6 5. Bb5 Nf6 6. Nc3 Nd7 7. Bxc6 bxc6 8. Be3 e5 9. Qd3 Be7 10. O-O Qc7 11. Rfe1 O-O 12. Rad1 a5 13. a4 Ba6 14.
Qd2 h6 15. h3 Rfd8 16. b3 Nf8 17. Qc1 Ne6 18. Ne2 d5 19. Ng3 d4 20. Bd2 c5 21.
Nf5 Bf8 22. c4 Rab8 23. Bc3 dxc3 0-1

[Event "*** Titled Tuesday Blitz"]
[Site "Chess.com"]
[Date "2020.04.28"]
[Round "1"]
[White "IamSchrodingersCat"]
[Black "m-garcett"]
[Result "1-0"]
[WhiteElo "2504"]
[BlackElo "2081"]
[TimeControl "180+1"]
[EndTime "10:04:16 PDT"]
[Termination "IamSchrodingersCat won by resignation"]

1. e4 c5 2. Nf3 d6 3. d4 cxd4 4. Nxd4 Nf6 5. Nc3 a6 6. Be2 e6 7. Be3 Nbd7 8. g4 Nc5 9. Bf3 Nfd7 10. b4 e5 11. Nf5 Ne6 12. Nxd6+ Bxd6 13. Qxd6 Nd4 14.
Bxd4 exd4 15. Nd5 1-0

[Event "*** Titled Tuesday Blitz"]
[Site "Chess.com"]
[Date "2020.04.28"]
[Round "1"]
[White "FMOlexandrProhorov"]
[Black "2346PL"]
[Result "1-0"]
[WhiteElo "2092"]
[BlackElo "2485"]
[TimeControl "180+1"]
[EndTime "10:04:16 PDT"]
[Termination "FMOlexandrProhorov won by resignation"]

1. e4 c5 2. c3 Nf6 3. e5 Nd5 4. Nf3 d6 5. Bc4 Nb6 6. Bb3 d5 7. d4 c4 8. Bc2 Bg4 9. O-O e6 10. b3 Nc6 11. b4 Be7 12. a4 a5 13. b5 Nb8 14. Nbd2 N8d7 15. h3 Bh5 16. Re1 Bg6 17. Nf1 Qc7 18. Ng3 Bxc2 19. Qxc2 h6 20. Nh5 g6 21. Ng7+ Kf8 22. Nxe6+ fxe6 23. Qxg6 Re8 24. Bxh6+ Rxh6 25. Qxh6+ Kf7 26. Re3 Rg8 27. Nh2 Nf8 28. Qh5+ Ng6 29. Rf3+ Ke8 30. Rg3 Bf8 31. Rxg6 Qf7 32. Rxe6+ Be7 1-0

[Event "*** Titled Tuesday Blitz"]
[Site "Chess.com"]
[Date "2020.04.28"]
[Round "1"]
[White "Carnivoras"]
[Black "MacDaddyMac"]
[Result "1-0"]
[WhiteElo "2646"]
[BlackElo "2323"]
[TimeControl "180+1"]
[EndTime "10:04:17 PDT"]
[Termination "Carnivoras won by resignation"]

1. d4 Nf6 2. Nf3 e6 3. Bg5 Be7 4. Nbd2 d5 5. e3 b6 6. Bd3 Bb7 7. O-O Nbd7 8. h3 Ne4 9. Bf4 f5 10. c4 O-O 11. Qc2 c6 12. Ne5 Nxe5 13. Bxe5 Bf6 14.
Nf3 Ng5 15. Nxg5 Bxe5 16. Nxe6 Bh2+ 17. Kh1 Qd6 18. Nxf8 Rxf8 19. cxd5 f4 20. dxc6 Bxc6 21. Bxh7+ Kh8 22. Be4 f3 23. Qxc6 fxg2+ 24. Bxg2 1-0